AoeStats
← eduhaas

Arabia

510222719Analyzed
4v4 RM · 1d ago on Sep 30, 2026· 49m 33s· 8 players
Game mode
Random Map
Map size
Large (8 player)
Population
200
Speed
Normal
Resources
Standard
Victory
Conquest
Starting age
Dark Age
Ending age
Imperial Age
RankedLock teamsTeams togetherTeam positionsShared explorationLock speedFull tech treeHidden civsTurbo modeCheats
Victory
Defeat
🇦🇷 Vikings · Argentina
1210
+12
🇦🇷 Hindustanis · Argentina
1103
+16
🇦🇷 Saracens · Argentina
1052
+18
🇦🇷 Lithuanians · Argentina
1021
+20
🇺🇸 Italians · United States
1132
-18
🇨🇴 Ethiopians · Colombia
1109
-17
🇲🇽 Goths · Mexico
1090
-16
🇧🇷 Burgundians · Brazil
1075
-15
Jcn_x
0:29 Loom
6:35 Double-Bit Axe
10:13 Horse Collar
13:42 Feudal Age
15:17 Bow Saw
18:03 Castle Age
16:37 Stone Mining
16:43 Gold Mining
17:51 Town Watch
18:48 Husbandry
19:13 Scale Barding Armor
19:19 Forging
21:39 Gold Shaft Mining
21:36 Cavalier
eduhaas
5:30 Loom
10:37 Feudal Age
10:51 Man-at-Arms
11:54 Double-Bit Axe
13:42 Horse Collar
Salty
12:30 Feudal Age
12:57 Double-Bit Axe
13:49 Wheelbarrow
17:22 Castle Age
16:29 Fletching
16:39 Padded Archer Armor
16:42 Gold Mining
16:45 Stone Mining
17:19 Horse Collar
18:35 Bow Saw
20:28 Bodkin Arrow
23:21 Padded Archer Armor
24:02 Ballistics
24:28 Town Watch
25:09 Leather Archer Armor
30:13 Imperial Age
31:58 Chemistry
31:26 Conscription
30:45 Elite Genoese Crossbowman
32:41 Ring Archer Armor
34:34 Bracer
SantiagoSilva88
7:31 Loom
10:13 Feudal Age
10:44 Man-at-Arms
24:02 Wheelbarrow
29:17 Castle Age
27:56 Fletching
Aioria
8:23 Loom
10:09 Feudal Age
11:07 Double-Bit Axe
18:20 Fletching
24:11 Castle Age
23:20 Horse Collar
23:31 Gold Mining
25:28 Bow Saw
28:10 Gold Shaft Mining
27:37 Heavy Plow
28:02 Crossbowman
33:38 Imperial Age
31:17 Padded Archer Armor
35:22 Two-Man Saw
35:04 Crop Rotation
34:27 Stone Mining
36:28 Bodkin Arrow
36:49 Leather Archer Armor
36:04 Arbalester
38:43 Bracer
39:14 Ring Archer Armor
39:21 Elite Skirmisher
41:12 Ballistics
41:52 Chemistry
42:23 Conscription
42:04 Bogsveigar
48:16 Scale Barding Armor
48:21 Forging
48:11 Scale Mail Armor
48:32 Masonry
48:28 Siege Engineers
49:30 Chain Barding Armor
50:32 Iron Casting
49:59 Chieftains
[PPP] BlackPanter
6:25 Loom
9:03 Feudal Age
9:50 Double-Bit Axe
15:56 Forging
16:38 Wheelbarrow
22:44 Castle Age
21:12 Gold Mining
21:34 Bloodlines
21:50 Horse Collar
23:50 Husbandry
24:00 Scale Barding Armor
24:31 Iron Casting
26:41 Chain Barding Armor
31:32 Bow Saw
35:36 Imperial Age
33:18 Heavy Plow
35:39 Heavy Camel Rider
37:03 Plate Barding Armor
37:28 Blast Furnace
37:47 Scale Mail Armor
40:04 Two-Man Saw
41:01 Chain Mail Armor
41:11 Conscription
42:05 Gold Shaft Mining
41:20 Stone Mining
40:57 Light Cavalry
42:40 Elite Ghulam
46:46 Siege Elephant
49:33 Chemistry
48:54 Ballistics
49:18 Hussar
mariano34355
10:19 Feudal Age
11:37 Double-Bit Axe
18:29 Castle Age
22:09 Gold Mining
24:46 Horse Collar
35:15 Forging
35:12 Scale Barding Armor
41:43 Iron Casting
41:46 Husbandry
43:36 Chain Barding Armor
47:30 Imperial Age
47:37 Cavalier
49:32 Plate Barding Armor
49:29 Paladin
Kikelot
7:30 Loom
10:08 Feudal Age
18:55 Fletching
21:02 Wheelbarrow
21:26 Double-Bit Axe
21:24 Horse Collar
21:37 Gold Mining
24:26 Castle Age
23:28 Padded Archer Armor
23:33 Stone Mining
24:52 Crossbowman
26:44 Thumb Ring
27:52 Bodkin Arrow
30:09 Town Watch
30:57 Leather Archer Armor
34:02 Bow Saw
34:27 Gold Shaft Mining
38:46 Imperial Age
36:55 Heavy Plow
38:48 Arbalester
39:29 Bracer
40:16 Ring Archer Armor
40:16 Ballistics
42:26 Chemistry
45:10 Two-Man Saw
45:06 Siege Engineers
45:47 Conscription
47:58 Hand Cart
Connection lost

Rejoining the realm…

Still unreachable

The connection could not be restored.

Session expired

The server has moved on; the page needs a fresh start.